 Dungeon Sprint DCSS version 0.21.1-1-g345015f (webtiles) character file.

250 Fang the Fighter (level 6, -2/67 HPs)
             Began as a Gargoyle Berserker on July 15, 2018.
             Was a High Priest of Trog.
             Slain by an iguana (7 damage)
             ... in the Dungeon (Sprint VII: "The Pits").
             The game lasted 00:01:11 (577 turns).

Fang the Fighter (Gargoyle Berserker)                Turns: 577, Time: 00:01:11

Health: -2/67      AC:  6    Str: 27    XL:     6   Next: 13%
Magic:  6/6        EV: 13    Int:  8    God:    Trog [*****.]
Gold:   0          SH:  0    Dex:  9    Spells: 5/5 levels left

rFire    . . .     SeeInvis .   j - +2 hand axe (venom)
rCold    . . .     Gourm    .   (no shield)
rNeg     + . .     Faith    .   b - +0 animal skin
rPois    ∞         Spirit   .   (no helmet)
rElec    +         Reflect  .   (no cloak)
rCorr    .         Harm     .   (no gloves)
MR       .....     NoTele   +   (no boots)
Stlth    ..........             (no amulet)
HPRegen  0.21/turn              (no ring)
MPRegen  0.10/turn              (no ring)

@: berserking (expiring), very quick
A: negative energy resistance 1, electricity resistance, unbreathing,
petrification resistance, rot immunity, AC +4
a: Berserk, Trog's Hand, Brothers in Arms, Burn Spellbooks, Renounce Religion


You were in the Dungeon.
You worshipped Trog.
Trog was extremely pleased with you.
You were very hungry.

You visited 1 branch

Inventory:

Hand Weapons
 j - a +2 hand axe of venom (weapon)
 n - a +0 hand axe of chopping
Armour
 b - a +0 animal skin (worn)
Scrolls
 i - a scroll of blinking
 k - 3 scrolls of remove curse
 l - a scroll of summoning
Potions
 a - 2 potions of invisibility
 d - 6 potions of curing
 e - 6 potions of heal wounds
 f - a potion of haste
 g - 4 potions of magic
 h - 3 potions of berserk rage
Comestibles
 c - 9 rations
 m - 2 chunks of flesh


   Skills:
 + Level 8.3 Fighting
 + Level 7.8 Axes
 + Level 4.1 Armour
 + Level 4.3 Dodging
 + Level 1.3 Stealth


You had 5 spell levels left.
You didn't know any spells.

Dungeon Overview and Level Annotations

Branches:
Dungeon (1/1)

Altars:
Cheibriados
Dithmenos
Elyvilon
Fedhas
Gozag
Hepliaklqana
Makhleb
Nemelex Xobeh
Okawaru
Qazlal
Ru
Sif Muna
Trog
Vehumet
Wu Jian
Xom
Yredelemnul
Zin
The Shining One
Beogh
Jiyva
Lugonu


Innate Abilities, Weirdness & Mutations

You are resistant to torment.
Your stone body is resilient. (AC +4)
You are immune to poison.
You resist negative energy. (rN+)
You are resistant to electric shocks. (rElec)
You can survive without breathing.
You are immune to petrification.
You are immune to rotting.


Message History

The gnoll hits you from afar with a spear.
* * * LOW HITPOINT WARNING * * *
You slash something! You barely miss the iguana.
Unknown command.
You slash something! You hit the iguana.
The iguana is poisoned.
Trog accepts your kill.
Reactivating autopickup.
Your Fighting skill increases to level 8!
Your Axes skill increases to level 7!
Your Armour skill increases to level 4!
Your Dodging skill increases to level 4!
You have reached level 6!
Your experience leads to an increase in your attributes!
Your base attributes are Str 21, Int 8, Dex 9.
Increase (S)trength, (I)ntelligence, or (D)exterity?
You feel stronger.
You feel a bit more experienced. The gnoll misses you. The iguana bites you!
* * * LOW HITPOINT WARNING * * *
Unknown command.
The gnoll closely misses you. The iguana bites you!
You die...

#.#.)'..#))#####'#
#.#..####))##.....
#.#..#..#).##.....
#.#..#..#..##.....
#.##'#..#'###...<.
#.#.[).....##.....
#.#.().....##.....
#)###########.....
#@lgg...# ######
#.M.#...# #.s.# .#
#.##.# #.. #.. #..
... #.. ..+ ####
##


You could see a mummy, a scorpion, an iguana and 2 gnolls.

Vanquished Creatures
  A sky beast (D)
  A gnoll sergeant (D)
  An orc priest (D)
  An orc wizard (D)
  2 gnolls (D)
  An adder (D)
  4 orcs (D)
  A bat (D)
  A giant cockroach (D)
  A goblin (D)
  A hobgoblin (D)
  A frilled lizard (D)
  2 rats (D)
18 creatures vanquished.

Notes
Turn   | Place    | Note
-------+----------+-------------------------------------------
     0 | D        | Fang the Gargoyle Berserker began the quest for the Orb.
     0 | D        | Reached XP level 1. HP: 14/14 MP: 1/1
    20 | D        | Found a bloodstained altar of Trog.
    20 | D        | Found a deep blue altar of Sif Muna.
    20 | D        | Found a viscous altar of Jiyva.
    20 | D        | Found a hazy altar of Hepliaklqana.
    20 | D        | Found an opulent altar of Gozag.
    21 | D        | Found a glowing golden altar of the Shining One.
    21 | D        | Found a glowing silver altar of Zin.
    21 | D        | Found a basalt altar of Yredelemnul.
    21 | D        | Found a shimmering altar of Xom.
    21 | D        | Found an ornate altar of the Wu Jian Council.
    21 | D        | Found a sacrificial altar of Ru.
    21 | D        | Found a stormy altar of Qazlal.
    21 | D        | Found an iron altar of Okawaru.
    21 | D        | Found a sparkling altar of Nemelex Xobeh.
    21 | D        | Found a burning altar of Makhleb.
    21 | D        | Found a blossoming altar of Fedhas.
    21 | D        | Found a white marble altar of Elyvilon.
    21 | D        | Found a shadowy altar of Dithmenos.
    21 | D        | Found a snail-covered altar of Cheibriados.
    23 | D        | Found a radiant altar of Vehumet.
    23 | D        | Found a corrupted altar of Lugonu.
    23 | D        | Found a roughly hewn altar of Beogh.
    65 | D        | Reached ** piety under Trog
    74 | D        | Reached skill level 4 in Fighting
    80 | D        | Reached XP level 2. HP: 3/20 MP: 2/2
   367 | D        | Reached *** piety under Trog
   367 | D        | Reached skill level 5 in Fighting
   367 | D        | Reached XP level 3. HP: 26/26 MP: 3/3
   368 | D        | Reached skill level 5 in Axes
   372 | D        | Reached XP level 4. HP: 32/32 MP: 4/4
   373 | D        | Reached **** piety under Trog
   378 | D        | Reached skill level 6 in Fighting
   560 | D        | Noticed a gnoll sergeant
   560 | D        | Noticed a sky beast
   572 | D        | Killed a gnoll sergeant
   572 | D        | Reached skill level 7 in Fighting
   572 | D        | Reached skill level 1 in Stealth
   572 | D        | Reached XP level 5. HP: 19/38 MP: 5/5
   574 | D        | Reached ***** piety under Trog
   576 | D        | Killed a sky beast
   576 | D        | Reached skill level 8 in Fighting
   576 | D        | Reached XP level 6. HP: 14/45 MP: 6/6
   577 | D        | Slain by an iguana

Skill      XL: |  1  2  3  4  5 |
---------------+----------------+-----
Axes           | 3 4 5 6 7 |  7.8
Fighting       | 4 5 7 8 |  8.3
Dodging        | 2 3 4 |  4.3
Armour         | 3 4 |  4.1
Stealth        | 1 |  1.3

Action                   |  1- 3 |  4- 6 || total
-------------------------+-------+-------++-------
Melee: Hand axe          |    23 |    15 ||    38
Invok: Berserk           |     2 |     1 ||     3
  Eat: Chunk             |       |     1 ||     1
Armor: Animal skin       |    13 |     6 ||    19
Dodge: Dodged            |    27 |     7 ||    34
